 Dungeon Crawl Stone Soup version 0.20-a0-893-g832831a (console) character file.

233 itsmu the Stinger (level 5, -1/35 HPs)
             Began as a Demonspawn Venom Mage on Mar 17, 2017.
             Slain by Yehuk's ghost (6 damage)
             ... on level 3 of the Dungeon.
             The game lasted 00:11:56 (4233 turns).

itsmu the Stinger (Demonspawn Venom Mage)           Turns: 4233, Time: 00:11:57

Health: -1/35      AC:  3    Str:  8    XL:     5   Next: 74%
Magic:  4/10       EV: 12    Int: 18    God:
Gold:   165        SH:  0    Dex: 13    Spells: 1/11 levels left

rFire    . . .     SeeInvis .   y - +0 dagger (flame)
rCold    . . .     Gourm    .   d - +0 robe
rNeg     . . .     Faith    .   (no shield)
rPois    .         Spirit   .   (no helmet)
rElec    .         Reflect  .   h - +0 cloak
rCorr    .         Harm     .   (no gloves)
MR       .....                  (no boots)
Stlth    ++........             (no amulet)
Regen    0.2/turn               (no ring)
MPRegen  0.2/turn               (no ring)

@: no status effects
A: claws 1, rot immunity
a: no special abilities


You were on level 3 of the Dungeon.
You were not hungry.

You visited 1 branch of the dungeon, and saw 3 of its levels.
You also visited: Sewer.

You collected 165 gold pieces.

Inventory:

Hand Weapons
 a - a +0 dagger
   (You found it on level 1 of the Dungeon)
 y - a +0 dagger of flaming (weapon)
   (You found it on level 3 of the Dungeon)
Missiles
 x - 6 javelins (quivered)
Armour
 d - a +0 robe (worn)
 h - a +0 cloak (worn)
   (You found it on level 1 of the Dungeon)
 i - a +0 ring mail
   (You took it off a goblin on level 1 of the Dungeon)
 k - a +0 leather armour
   (You found it on level 1 of the Dungeon)
 u - a +0 shield
   (You found it on level 2 of the Dungeon)
 B - a +3 leather armour
   (You found it on level 3 of the Dungeon)
Jewellery
 l - a +4 ring of evasion {unknown}
   (You found it on level 1 of the Dungeon)
 s - a cursed amulet of inaccuracy {unknown}
   (You found it on level 2 of the Dungeon)
Wands
 D - a wand of lightning (8/15)
   (You found it in a sewer)
Scrolls
 e - a scroll of immolation {unknown}
 j - a scroll of enchant armour {unknown}
 o - 2 scrolls of identify {unknown}
 p - 2 scrolls of remove curse {unknown}
 t - 2 scrolls of teleportation {unknown}
 w - a scroll of blinking {unknown}
 z - 2 scrolls of fear {unknown}
 G - a scroll of magic mapping {unknown}
Potions
 g - a potion of ambrosia
 m - 4 potions of degeneration {unknown}
 n - 2 potions of lignification {unknown}
 q - a potion of heal wounds {unknown}
 v - 2 potions of haste {unknown}
 A - 2 potions of flight {unknown}
 C - a potion of berserk rage {unknown}
 E - a potion of brilliance {unknown}
 H - a potion of magic {unknown}
Books
 b - a Young Poisoner's Handbook

   Spells                             Type                      Level
   a - Sting                          Conjuration/Poison           1
   b - Poisonous Vapours              Poison/Air                   2
   c - Mephitic Cloud                 Conjuration/Poison/Air       3
   d - Olgreb's Toxic Radiance        Poison                       4
   e - Venom Bolt                     Conjuration/Poison           5
Comestibles
 c - 3 bread rations
 f - a royal jelly
 r - a meat ration
 I - a fruit


   Skills:
 - Level 1.7 Dodging
 - Level 1.7 Stealth
 + Level 1.8 Unarmed Combat
 * Level 3.6 Spellcasting
 - Level 2.1 Conjurations
 * Level 4.5 Poison Magic


You had one spell level left.
You knew the following spells:

 Your Spells              Type           Power        Failure   Level  Hunger
a - Sting                 Conj/Pois      ###.         4%          1    None
b - Poisonous Vapours     Pois/Air       ##....       12%         2    ##.....
c - Mephitic Cloud        Conj/Pois/Air  ##......     21%         3    ###....
d - Olgreb's Toxic Radia  Pois           ###.....     28%         4    ####...


Dungeon Overview and Level Annotations

Branches:
Dungeon (3/15)

Altars:
Makhleb

Annotations:
D:2 exclusion: iron imp
D:3 Yehuk's ghost, weakling FeTm


Innate Abilities, Weirdness & Mutations

You have sharp fingernails.
You are immune to rotting.


Message History

You barely miss Yehuk's ghost.
Yehuk's ghost is heavily damaged.
Yehuk's ghost closely misses you.
You hit Yehuk's ghost but do no damage.
Yehuk's ghost is heavily damaged.
Yehuk's ghost hits you!
You hit Yehuk's ghost. You burn Yehuk's ghost.
Yehuk's ghost is almost destroyed.
Yehuk's ghost hits you.
* * * LOW HITPOINT WARNING * * *
Press: ? - help, v - describe, . - travel
Here: Yehuk's ghost (almost destroyed)
The floor.
Unknown command.
You completely miss Yehuk's ghost.
Yehuk's ghost is almost destroyed.
Yehuk's ghost hits you!
* * * LOW HITPOINT WARNING * * *
Yehuk's ghost hits you.
You die...

####..........#.#.....##.
.............#...#######
#.####.....####..#
#...##.....# ##.#
#........### #.# .
###........###.##....
#..................
########..........####....
.........MW...............
########.###......##......
#..####.....# #....
#.###.#####....###....
#.....................
######.####.#....#[...
#.......##.#........#
#........#.##.....#.#
#........#........#..


You could see Yehuk's ghost.

Vanquished Creatures
  A scorpion (D:3)
  3 gnolls (D:3)
  2 adders
  6 river rats (Sewer)
  A dart slug (D:3)
  4 leopard geckos
  An orc (D:3)
  5 ball pythons
  5 giant cockroaches
  4 goblins
  10 hobgoblins
  7 jackals (D:1)
  3 bats (D:1)
  18 frilled lizards
  5 kobolds
  13 rats
88 creatures vanquished.

Notes
Turn   | Place    | Note
-------+----------+-------------------------------------------
     0 | D:1      | itsmu the Demonspawn Venom Mage began the quest for the Orb.
     0 | D:1      | Reached XP level 1. HP: 13/13 MP: 3/3
   748 | D:1      | Gained mutation: You have sharp fingernails. [demonic ancestry]
   748 | D:1      | Reached XP level 2. HP: 19/19 MP: 3/5
  1844 | D:2      | Learned a level 2 spell: Poisonous Vapours
  1847 | D:2      | Reached XP level 3. HP: 24/24 MP: 3/6
  2208 | D:2      | Found a burning altar of Makhleb.
  2665 | D:3      | Reached skill level 1 in Unarmed Combat
  2960 | D:3      | Noticed a scorpion
  2965 | D:3      | Killed a scorpion
  2965 | D:3      | Reached skill level 4 in Poison Magic
  2965 | D:3      | Gained mutation: You are immune to rotting. [demonic ancestry]
  2965 | D:3      | Reached XP level 4. HP: 30/30 MP: 3/8
  3024 | D:3      | Learned a level 3 spell: Mephitic Cloud
  3090 | D:3      | Found a glowing drain.
  3108 | D:3      | Reached XP level 5. HP: 23/35 MP: 0/9
  3142 | Sewer    | Entered a sewer
  3345 | Sewer    | Learned a level 4 spell: Olgreb's Toxic Radiance
  4209 | D:3      | Noticed Yehuk's ghost (weakling FeTm)
  4233 | D:3      | Slain by Yehuk's ghost

Vault maps used:
D:1:      ncdulo_lavacross, st_stairs_14, minmay_misc_feat_hallway
D:2:      makhleb_grotto_becter
D:3:      portal_sewer_entry_c, grunt_decor_mini_mirrors, minmay_lizard_king
Sewer:    sewer_co_cracked_pipes

Skill      XL: |  1  2  3  4 |
---------------+-------------+-----
Unarmed Combat | 1 |  1.8
Conjurations   | 2 |  2.1
Poison Magic   | 4 |  4.5
Spellcasting   | 3 |  3.6
Dodging        | |  1.7
Stealth        | |  1.7

Action                   |  1- 3 |  4- 6 || total
-------------------------+-------+-------++-------
Melee: Unarmed           |     7 |       ||     7
       Dagger            |    91 |    74 ||   165
       Punch             |     1 |     1 ||     2
 Cast: Sting             |    82 |    35 ||   117
       Poisonous Vapours |     6 |    13 ||    19
  Use: Potion            |     1 |       ||     1
 Stab: Sleeping          |     1 |     3 ||     4
  Eat: Chunk             |     8 |     4 ||    12
Armor: Robe              |    33 |    15 ||    48
Dodge: Dodged            |    85 |    49 ||   134
